 Dungeon Crawl Stone Soup version 0.21.1-1-g345015f (webtiles) character file.

39 Monsterracer the Sneak (level 3, 0/16 HPs)
             Began as a Spriggan Enchanter on Feb 13, 2018.
             Slain by a bat (1 damage)
             ... on level 1 of the Dungeon.
             The game lasted 00:03:13 (1156 turns).

Monsterracer the Sneak (Spriggan Enchanter)         Turns: 1156, Time: 00:03:13

Health: 0/16       AC:  2    Str:  4    XL:     3   Next: 28%
Magic:  8/9        EV: 18    Int: 17    God:
Gold:   48         SH:  0    Dex: 16    Spells: 0/9 levels left

rFire    . . .     SeeInvis +   a - +1 dagger
rCold    . . .     Gourm    .   (shield restricted)
rNeg     . . .     Faith    .   b - +0 robe
rPois    .         Spirit   .   (helmet restricted)
rElec    .         Reflect  .   (no cloak)
rCorr    .         Harm     .   (gloves unavailable)
MR       .....                  (boots unavailable)
Stlth    +++.......             (no amulet)
HPRegen  0.05/turn              (no ring)
MPRegen  0.11/turn              (no ring)

@: very quick
A: very small, unfitting armour, see invisible, herbivore, speed 3, slow
metabolism 2
a: no special abilities


You were on level 1 of the Dungeon.
You were not hungry.

You visited 1 branch of the dungeon, and saw 1 of its levels.

You collected 48 gold pieces.

Inventory:

Hand Weapons
 a - a +1 dagger (weapon)
Armour
 b - a +0 robe (worn)
Scrolls
 e - a scroll of blinking {unknown}
 f - 6 scrolls of identify {unknown}
Potions
 g - a potion of invisibility {unknown}
 h - a potion of lignification {unknown}
 i - a potion of degeneration {unknown}
 j - a potion of brilliance {unknown}
 k - 2 potions of curing {unknown}
Books
 d - a book of Maledictions

   Spells                             Type                      Level
   a - Corona                         Hexes                        1
   b - Ensorcelled Hibernation        Hexes/Ice                    2
   c - Confuse                        Hexes                        3
   d - Tukima's Dance                 Hexes                        3
   e - Dazzling Spray                 Conjuration/Hexes            3
Comestibles
 c - a ration


   Skills:
 + Level 1.8 Short Blades
 - Level 3.0 Dodging
 + Level 4.9 Stealth
 * Level 3.6 Spellcasting
 + Level 4.0 Hexes


You couldn't memorise any spells.
You knew the following spells:

 Your Spells              Type           Power        Failure   Level  Hunger
a - Corona                Hex            ###....      3%          1    None
b - Ensorcelled Hibernat  Hex/Ice        #.....       11%         2    ##.....
c - Confuse               Hex            ###.....     10%         3    ###....
d - Tukima's Dance        Hex            ###.....     10%         3    ###....


Dungeon Overview and Level Annotations

Branches:
Dungeon (1/15)

Altars:


Innate Abilities, Weirdness & Mutations

You are very small and have problems with some larger weapons.
You are too small for most types of armour.
You have supernaturally acute eyesight. (SInv)
You are a herbivore.
You cover ground extremely quickly.
You need consume almost no food.


Message History

The goblin shouts!
The kobold closely misses you.
You now have 7/9 mp.
You hit the kobold but do no damage. The kobold barely misses you.
You hit the kobold.
The kobold is moderately wounded.
The kobold hits you but does no damage.
You hit the kobold.
The kobold is heavily wounded.
The goblin closely misses you. The kobold closely misses you.
You hit the kobold.
The kobold is severely wounded.
The goblin hits you with a club.
* * * LOW HITPOINT WARNING * * *
You take 2 damage, and have 8/16 hp.
You hit the kobold but do no damage.
The kobold is severely wounded.
The kobold completely misses you.
You hit the kobold but do no damage.
The kobold is severely wounded.
The kobold hits you with a dagger.
* * * LOW HITPOINT WARNING * * *
The goblin misses you.
You take 1 damage, and have 8/16 hp.
You hit the kobold.
You kill the kobold!
The goblin hits you with a club.
* * * LOW HITPOINT WARNING * * *
You take 4 damage, and have 4/16 hp.
MASSIVE DAMAGE!!
Casting: Corona
Confirm with . or Enter, or press ? or * to list all spells.
Aiming: Corona
Press: ? - help, Shift-Dir - straight line, f - goblin
Aim: a goblin, wielding a club (chance to defeat MR: 71%)
The goblin is outlined in light.
The goblin closely misses you.
You now have 7/9 mp.
You hit the goblin.
The goblin is heavily wounded.
The goblin misses you.
You hit the goblin.
The goblin is almost dead.
The goblin hits you but does no damage.
You completely miss the goblin.
The goblin is almost dead.
You hit the goblin but do no damage.
The goblin is almost dead.
The goblin hits you with a club.
* * * LOW HITPOINT WARNING * * *
You take 3 damage, and have 1/16 hp.
You hit the goblin.
You kill the goblin!
Things that are here:
a club; a goblin corpse
k - a brown potion
Found a robe.
Found 13 gold pieces.
Found a brown potion.
A bat, a hobgoblin and a gnoll come into view.
The hobgoblin shouts!
The gnoll shouts!
Found a short sword and a ration.
You see here a brown potion.
k - 2 brown potions (gained 1) MP restored: 9
Casting: Corona
Confirm with . or Enter, or press ? or * to list all spells.
Aiming: Corona
Press: ? - help, Shift-Dir - straight line, f - hobgoblin
Aim: a hobgoblin (chance to defeat MR: 71%)
The hobgoblin barely resists.
The hobgoblin completely misses you.
You now have 8/9 mp.
You closely miss the bat. The bat hits you but does no damage.
The hobgoblin barely misses you.
You barely miss the hobgoblin. The bat barely misses you.
The hobgoblin barely misses you. The bat hits you but does no damage.
The gnoll barely misses you. The bat barely misses you.
The bat hits you but does no damage. The bat hits you but does no damage.
The bat closely misses you. The bat hits you but does no damage.
The bat hits you.
* * * LOW HITPOINT WARNING * * *
You take 1 damage, and have 1/16 hp.
The bat hits you but does no damage. MP restored: 9 The bat misses you.
The bat closely misses you.
Casting: Corona
Confirm with . or Enter, or press ? or * to list all spells.
Aiming: Corona
Press: ? - help, Shift-Dir - straight line, f - bat
Aim: a bat (chance to defeat MR: 71%)
The bat is outlined in light.
The bat closely misses you.
You now have 8/9 mp.
You barely miss the bat. The bat hits you but does no damage.
The bat closely misses you.
You hit the bat.
The bat is severely wounded.
The bat closely misses you. The bat hits you.
You die...

#.... #.... ####....
....... #.†..
#+#######+###....
#####................
#.....#..............
#@##..............
#b##...).......(..
#......)†.>.......
###.######.#..#...
#g.......#..####
##g......#..# #
#......##### #
#......# # #######
#g.....#


You could see a gnoll, a hobgoblin and a bat.

Vanquished Creatures
  2 oozes (D:1)
  2 dart slugs (D:1)
  2 bats (D:1)
  2 giant cockroaches (D:1)
  5 goblins (D:1)
  2 hobgoblins (D:1)
  A jackal (D:1)
  4 kobolds (D:1)
  A ball python (D:1)
  4 rats (D:1)
25 creatures vanquished.

Notes
Turn   | Place    | Note
-------+----------+-------------------------------------------
     0 | D:1      | Monsterracer the Spriggan Enchanter began the quest for the Orb.
     0 | D:1      | Reached XP level 1. HP: 9/9 MP: 5/5
   118 | D:1      | HP: 4/9 [ooze (2)]
   119 | D:1      | Reached XP level 2. HP: 6/13 MP: 1/7
   125 | D:1      | HP: 3/13 [kobold/dagger (2)]
   126 | D:1      | HP: 1/13 [kobold/dagger (2)]
   500 | D:1      | Learned a level 2 spell: Ensorcelled Hibernation
   513 | D:1      | HP: 4/13 [ooze (4)]
   892 | D:1      | Reached XP level 3. HP: 10/16 MP: 7/9
   991 | D:1      | Learned a level 3 spell: Confuse
   995 | D:1      | Learned a level 3 spell: Tukima's Dance
  1109 | D:1      | HP: 8/16 [goblin/club (2)]
  1117 | D:1      | HP: 1/16 [goblin/club (3)]
  1148 | D:1      | HP: 1/16 [bat (1)]
  1156 | D:1      | Slain by a bat

Skill      XL: |  1  2  3 |
---------------+----------+-----
Spellcasting   | 3 |  3.6
Hexes          | 4 |  4.0
Short Blades   | |  1.8
Dodging        | |  3.0
Stealth        | |  4.9

Action                   || total
-------------------------++-------
Melee: Dagger            ||   120
 Cast: Corona            ||    21
 Stab: Sleeping          ||     5
Armor: Robe              ||    16
Dodge: Dodged            ||    97

Vault maps used:
D:1:      lemuel_arrival_lava_pool
